 Dungeon Crawl Stone Soup version 0.29.0-11-gd7f09526c8 (webtiles) character file.

Game seed: 10359960901797025303

78 sanka the Ruffian (level 4, -5/44 HPs)
             Began as a Troll Cinder Acolyte on Sept 2, 2022.
             Was a High Priest of Ignis.
             Succumbed to a goblin's poison
             ... on level 2 of the Dungeon.
             The game lasted 00:01:30 (847 turns).

sanka the Ruffian (Troll Cinder Acolyte)             Turns: 847, Time: 00:01:30

Health: -5/44      AC:  4    Str: 22    XL:     4   Next: 15%
Magic:  4/4        EV:  9    Int: 10    God:    Ignis [*****.]
Gold:   113        SH:  0    Dex:  7    Spells: 5/5 levels left

rFire   + . .      SeeInvis .     - Unarmed
rCold   . . .      Faith    .   (no shield)
rNeg    . . .      Spirit   .   a - +0 robe
rPois   .          Reflect  .   (helmet restricted)
rElec   .          Harm     .   (no cloak)
rCorr   .          Rampage  .   (gloves unavailable)
Will    .....                   (boots unavailable)
Stlth   +.........              (no amulet)
HPRegen 0.94/turn               (no ring)
MPRegen 0.09/turn               (no ring)

@: lethally poisoned (-5 -> -30)
A: large, unfitting armour, claws 3, regeneration 1, shaggy fur 1, tough skin 1
a: Renounce Religion, Fiery Armour, Foxfire Swarm, Rising Flame


You were on level 2 of the Dungeon.
You worshipped Ignis.
Ignis was extremely pleased with you.
You visited 1 branch of the dungeon, and saw 2 of its levels.

You collected 113 gold pieces.


Innate Abilities, Weirdness & Mutations

You are too large for most types of armour.
You have claws for hands.
Your natural rate of healing is unusually fast.
You are covered in fur. (AC +1)
You have tough skin. (AC +1)


   Skills:
 - Level 2.4 Fighting
 + Level 5.0 Unarmed Combat
 - Level 1.0 Spellcasting
 - Level 2.1 Fire Magic


You had 5 spell levels left.
You didn't know any spells.
Your spell library contained the following spells:

 Spells                   Type           Power      Damage    Failure   Level
 Scorch                   Fire           8%         2d5       22%         2
 Sublimation of Blood     Necr           0%         N/A       45%         2
 Wereblood                Tmut           0%         N/A       45%         2
 Summon Hydra             Summ           0%         N/A       100%        7

Inventory:

Missiles
 g - 6 poisoned darts (quivered)
Armour
 a - a +0 robe (worn)
Scrolls
 b - a scroll of immolation {unknown}
 c - a scroll of butterflies {unknown}
 e - a scroll of fear {unknown}
 f - a scroll of noise {unknown}
 j - 2 scrolls of enchant weapon {unknown}
 k - a scroll of brand weapon {unknown}
 l - a scroll of teleportation {unknown}
Potions
 d - a potion of degeneration {unknown}
 h - a potion of heal wounds {unknown}
 i - a potion of attraction {unknown}

Dungeon Overview and Level Annotations

Branches:
Dungeon (2/15)

Altars:

▒▒▒▒▒▒▒▒▒▒▒▒▒
..♣.._..∩..∩▒ ▒▒
............▒ ..
............▒▒▒▒
..∩.....♣..8...
........T.....▒ ▒..▒▒ ▒▒▒
.............▒▒▒▒.... ...
8.....∩..8..∩.......▒ ▒▒▒
..........!...▒▒....▒▒▒▒▒
..............▒▒.▒▒......
∩..8..♣..∩....▒▒.▒▒..▒▒..
..............▒▒.▒▒..▒▒.▒
..............▒▒.▒†......
...♣..8.......▒....▒..▒.▒


There were no monsters in sight!


Message History

You are more poisoned.
You closely miss the goblin.
The goblin is heavily wounded.
You feel very sick. The goblin hits you but does no damage.
Unknown command.
You scratch the goblin but do no damage.
Your claw misses the goblin.
The goblin is heavily wounded.
You feel very sick. The goblin hits you but does no damage.
You are lethally poisoned!
You barely miss the goblin.
The goblin is heavily wounded.
* * * LOW HITPOINT WARNING * * *
You feel extremely sick. The goblin hits you but does no damage.
You are more poisoned.
Unknown command.
You closely miss the goblin.
The goblin is heavily wounded.
* * * LOW HITPOINT WARNING * * *
You feel extremely sick. The goblin hits you but does no damage.
You are more poisoned.
You claw the goblin!
You kill the goblin!
* * * LOW HITPOINT WARNING * * *
You feel extremely sick.
You die...

Action                   |  1- 3 |  4- 6 || total
-------------------------+-------+-------++-------
Melee: Unarmed           |    89 |    21 ||   110
       Punch             |     2 |     1 ||     3
Armor: Robe              |    24 |     8 ||    32
Dodge: Dodged            |    52 |     1 ||    53

Levels and vault maps discovered:
D:1:      ncdulo_watergridlock, layout_basic, minmay_pentomino_w2
D:2:      layout_loops_ring, hellmonk_ecumenical_altar_arch_garden,
          chequers_serial_rivers_small_3, minmay_misc_feat_chi,
          minmay_misc_feat_roman, uniq_terence

Notes
Turn   | Place    | Note
-------+----------+-------------------------------------------
     0 | D:1      | sanka the Troll Cinder Acolyte began the quest for the Orb.
     0 | D:1      | Reached XP level 1. HP: 22/22 MP: 1/1
    99 | D:1      | Reached XP level 2. HP: 29/29 MP: 2/2
   317 | D:1      | Reached skill level 4 in Unarmed Combat
   482 | D:1      | Reached XP level 3. HP: 36/36 MP: 3/3
   624 | D:2      | Noticed Terence
   642 | D:2      | Killed Terence
   725 | D:2      | Reached XP level 4. HP: 44/44 MP: 4/4
   781 | D:2      | Reached skill level 5 in Unarmed Combat
   836 | D:2      | Found a faded altar of an unknown god.
   846 | D:2      | HP: 2/44 [poisoned by a goblin]
   847 | D:2      | Succumbed to a goblin's poison

Vanquished Creatures
  Terence (D:2)
  An adder (D:2)
  2 worms (D:2)
  3 endoplasms (D:1)
  2 giant cockroaches
  5 goblins
  A hobgoblin (D:1)
  3 jackals (D:1)
  6 kobolds
  3 quokkas (D:1)
  8 ball pythons
  2 bats (D:1)
  A rat (D:1)
38 creatures vanquished.
